[Event "January 2 Late 2024"]
[Site "https://www.chess.com"]
[Date "2024.01.02"]
[Round "8"]
[White "Lashkin, Jegor"]
[Black "Przybylski, Wojciech"]
[Result "1-0"]
[Board "59"]
[TimeControl "180+1"]
[WhiteFideId "13907808"]
[BlackFideId "1117599"]
[WhiteElo "2799"]
[BlackElo "2551"]
[WhiteTeam "MDA"]
[BlackTeam "POL"]
[WhiteClock "0:01:27"]
[BlackClock "0:00:00"]

1. d4 Nf6 2. c4 e6 3. Nf3 b6 4. e3 Bb7 5. Nc3 Bb4 6. Bd2 O-O 7. Bd3 d5 8. cxd5 exd5 9. O-O a6 10. Ne5 Nbd7 11. f4 Bd6 12. Qf3 c5 13. Qh3 h6 14. Bf5 Nb8 15. Be1 Ne4 16. Bh4 Qc7 17. Nxe4 dxe4 18. Bf6 Re8 19. Ng4 Bc8 20. Nxh6+ Kf8 21. Bxc8 Qxc8 22. Nf5 1-0

[Event "January 2 Late 2024"]
[Site "https://www.chess.com"]
[Date "2024.01.02"]
[Round "8"]
[White "Silva, Kaua Marques"]
[Black "Seemann, Jakub"]
[Result "0-1"]
[Board "60"]
[TimeControl "180+1"]
[WhiteFideId "22701168"]
[BlackFideId "21874697"]
[WhiteElo "2543"]
[BlackElo "2793"]
[WhiteTeam "BRA"]
[BlackTeam "POL"]
[WhiteClock "0:00:00"]
[BlackClock "0:00:04"]

1. e4 c5 2. Nf3 e6 3. c3 d5 4. e5 d4 5. Bd3 Bd7 6. O-O Bc6 7. Re1 Ne7 8. h4 Nf5 9. Bxf5 exf5 10. d3 Be7 11. Bg5 Bxg5 12. hxg5 O-O 13. Nbd2 Nd7 14. cxd4 cxd4 15. Nxd4 Qxg5 16. Nxc6 bxc6 17. Rc1 c5 18. Nf3 Qe7 19. d4 cxd4 20. Qxd4 Rfd8 21. Qf4 g6 22. Rc7 Rdc8 23. Rec1 Qd8 24. Qc4 Rxc7 25. Qxc7 Qe8 26. Rd1 Nf8 27. b3 Ne6 28. Qd7 Qxd7 29. Rxd7 a5 30. g3 f4 31. gxf4 Nxf4 32. Ng5 Rf8 33. Ra7 h6 34. Ne4 Rc8 35. Nd6 Rc1+ 36. Kh2 Rc2 37. Nxf7 h5 38. Nh6+ Kh8 39. Nf7+ Kg7 40. Kg3 Nd5 41. Ng5+ Kf8 42. Rxa5 Ne7 43. Ra8+ Kg7 44. Ra7 Kf8 45. Ne4 Nf5+ 46. Kf4 Rc6 47. Kg5 h4 48. Nf6 h3 49. Ra8+ Kf7 50. Rh8 Rc3 51. Rh7+ Ke6 52. Ng4 Ne7 53. Ne3 Rd3 54. Rxh3 Kxe5 55. Rh7 Ke6 56. Kf4 Rd2 57. a4 Rb2 58. Rh8 Rxb3 59. Ra8 Rb4+ 60. Kg5 Rb2 61. f4 Rf2 62. Ng4 Rg2 63. Ra6+ Kf7 64. Ra7 Rg1 65. a5 Ke6 66. Ra6+ Kd5 67. Kf6 Nc6 68. Ne5 Nxe5 69. fxe5 Rf1+ 70. Kxg6 Kxe5 71. Ra8 Ra1 72. a6 Rg1+ 73. Kf7 Ra1 74. a7 Kf5 75. Kg7 Kg5 76. Kf7 Kf5 77. Ke7 Ke5 78. Kd7 Kd5 79. Kc7 Kc5 80. Kb7 Rb1+ 81. Kc7 Ra1 82. Kb8 Kc6 83. Kc8 Rh1 84. Kd8 Rh8+ 0-1

[Event "January 2 Late 2024"]
[Site "https://www.chess.com"]
[Date "2024.01.02"]
[Round "8"]
[White "Chirilov, James A"]
[Black "RaugintaBulba"]
[Result "1/2-1/2"]
[Board "61"]
[TimeControl "180+1"]
[WhiteFideId "30976677"]
[WhiteElo "2778"]
[BlackElo "2539"]
[WhiteTeam "USA"]
[WhiteClock "0:00:00"]
[BlackClock "0:00:04"]

1. e4 c5 2. Nc3 d6 3. d4 cxd4 4. Qxd4 Nc6 5. Qd2 g6 6. b3 Bh6 7. f4 f5 8. Bb2 Nf6 9. exf5 Bxf5 10. O-O-O Rf8 11. g3 Qa5 12. a3 Ne4 13. Nxe4 Bxe4 14. Bg2 Qxd2+ 15. Rxd2 Bxg2 16. Rxg2 e5 17. Nh3 O-O-O 18. Kb1 exf4 19. Nxf4 Bxf4 20. gxf4 Rxf4 21. Re1 Rdf8 22. Bc1 Rf2 23. Reg1 Ne5 24. Bb2 Rxg2 25. Rxg2 Rf1+ 26. Ka2 Kd7 27. Re2 Ke6 28. c4 g5 29. c5 Rf5 30. cxd6 Kxd6 31. Rd2+ Ke6 32. Rc2 Nd3 33. Re2+ Kf7 34. Rc2 Rf2 35. Rxf2+ Nxf2 36. Bd4 Ng4 37. h3 Nf6 38. Bxa7 h5 39. a4 Nd5 40. Bf2 Ke6 41. Ka3 h4 42. b4 Nf4 43. b5 Nxh3 44. a5 Kd7 45. Be3 Nf4 46. Kb4 Nd5+ 47. Kc5 Nc7 48. Bxg5 Ne6+ 49. Kb6 Kc8 50. Bxh4 Nf8 51. Kc5 Nd7+ 52. Kb4 Nb8 53. Bf2 Nd7 54. Bg3 Nf6 55. Be5 Nd7 56. Bd4 Nf8 57. Kc5 Ne6+ 58. Kd5 Nc7+ 59. Kc4 Ne6 60. Be5 Nf8 61. Kd5 Nd7 62. Bd6 Nf6+ 63. Ke6 Ne4 64. Bb4 Kb8 65. Ke5 Ng5 66. Kf5 Nf7 67. Kf6 Nd8 68. Ke7 Kc8 69. Bd6 Nc6+ 70. bxc6 bxc6 71. a6 c5 72. Ke6 c4 73. Kd5 c3 74. Bf4 c2 75. Kc6 c1=Q+ 76. Bxc1 Kb8 1/2-1/2

[Event "January 2 Late 2024"]
[Site "https://www.chess.com"]
[Date "2024.01.02"]
[Round "8"]
[White "Pham, Le Thao Nguyen"]
[Black "Korchmar, Vasiliy"]
[Result "1-0"]
[Board "62"]
[TimeControl "180+1"]
[WhiteFideId "12401226"]
[BlackFideId "24131750"]
[WhiteElo "2542"]
[BlackElo "2731"]
[WhiteTeam "VIE"]
[BlackTeam "RUS"]
[WhiteClock "0:01:40"]
[BlackClock "0:01:59"]

1. d4 Nf6 2. Nf3 d5 3. c4 e6 4. Nc3 dxc4 5. e3 a6 6. a4 b6 7. Bxc4 Bb7 8. O-O Bb4 9. Ne5 O-O 10. f4 c5 11. Na2 Ba5 12. dxc5 bxc5 13. Qe2 Nc6 14. Rd1 Qb6 15. Nd3 Ne4 16. b3 Bc3 17. Bb2 Bxb2 18. Qxb2 Na5 19. Ne5 Nxc4 20. Nxc4 Bd5 21. Nxb6 Rab8 22. Nxd5 exd5 23. Nc3 1-0

[Event "January 2 Late 2024"]
[Site "https://www.chess.com"]
[Date "2024.01.02"]
[Round "8"]
[White "Lewtak, Damian"]
[Black "Pinheiro, Iung Alicio de O."]
[Result "0-1"]
[Board "63"]
[TimeControl "180+1"]
[WhiteFideId "1141724"]
[BlackFideId "2104350"]
[WhiteElo "2711"]
[BlackElo "2538"]
[WhiteTeam "POL"]
[BlackTeam "BRA"]
[WhiteClock "0:00:11"]
[BlackClock "0:00:10"]

1. e4 c5 2. Nf3 a6 3. c3 d5 4. exd5 Nf6 5. d4 cxd4 6. cxd4 Nxd5 7. Nc3 Nxc3 8. bxc3 g6 9. Bd3 Bg7 10. Qe2 O-O 11. h4 Nc6 12. h5 e5 13. hxg6 hxg6 14. d5 e4 15. Bxe4 Bxc3+ 16. Kf1 Bxa1 17. dxc6 bxc6 18. Qe3 Qd1+ 19. Ne1 Bg7 20. Bc2 Qd4 21. Nf3 Qc4+ 22. Bd3 Qxa2 23. g3 Be6 24. Qf4 Rfd8 25. Be4 Rd1+ 26. Kg2 Rxh1 27. Kxh1 Qxf2 28. Be3 Qf1+ 29. Kh2 Bd5 30. Bxd5 cxd5 31. g4 Rc8 32. Kg3 a5 33. Qa4 Qa6 34. Ng5 Qd6+ 35. Kg2 Qe5 36. Kf2 Qb2+ 37. Kf3 Qf6+ 38. Ke2 d4 39. Qd7 Rf8 40. Bd2 Qe5+ 41. Kd3 Qg3+ 42. Kc2 Qa3 43. Ne4 d3+ 44. Kd1 Qa1+ 45. Bc1 Bb2 46. Kd2 Qxc1+ 47. Kxd3 Qd1+ 48. Nd2 Qg1 49. g5 Qg3+ 50. Kc2 Bg7 51. Ne4 Qb8 52. Nc5 Qc8 53. Qd5 Rd8 54. Qc4 Bf8 55. Kb2 Qxc5 56. Qc2 Qb4+ 57. Ka1 Qa3+ 58. Kb1 Rb8+ 59. Qb2 Qxb2# 0-1

[Event "January 2 Late 2024"]
[Site "https://www.chess.com"]
[Date "2024.01.02"]
[Round "8"]
[White "Gasparyan, David"]
[Black "Carlsson, Ludvig"]
[Result "1/2-1/2"]
[Board "64"]
[TimeControl "180+1"]
[WhiteFideId "13311980"]
[BlackFideId "1727010"]
[WhiteElo "2532"]
[BlackElo "2702"]
[WhiteTeam "USA"]
[BlackTeam "SWE"]
[WhiteClock "0:00:47"]
[BlackClock "0:00:28"]

1. Nf3 d5 2. g3 e6 3. Bg2 Be7 4. O-O Nf6 5. c4 O-O 6. cxd5 exd5 7. d4 c6 8. Nc3 Bf5 9. Bf4 Nbd7 10. Ne5 h6 11. Rc1 Ne8 12. Nd3 Bd6 13. a3 Bxf4 14. Nxf4 Nd6 15. b4 a6 16. Nd3 Re8 17. Nc5 Nb6 18. Re1 Nbc4 19. Qb3 b5 20. Rcd1 Ra7 21. e4 dxe4 22. N3xe4 Rae7 23. f3 Be6 24. Qc3 Bd5 25. Nxd6 Nxd6 26. Rxe7 Qxe7 27. Nxa6 Qe3+ 28. Qxe3 Rxe3 29. Nc7 Rxa3 30. Nxd5 cxd5 31. f4 Ne4 32. Bxe4 dxe4 33. d5 Kf8 34. d6 Ke8 35. Rd5 Kd7 36. Rxb5 Kxd6 37. Re5 e3 38. Kf1 f6 39. Re8 Kd5 40. Ke2 Rb3 41. Rxe3 Rxb4 42. Kf3 h5 43. Rd3+ Ke6 44. h3 Rb1 45. Re3+ Kf7 46. g4 hxg4+ 47. hxg4 Rb4 48. Re4 Rb3+ 49. Re3 Rb1 50. Ra3 Rg1 51. Ra6 Rh1 52. g5 fxg5 53. fxg5 Rg1 54. Kf4 Rf1+ 55. Ke5 Rf2 56. g6+ Kg8 57. Ra8+ Rf8 58. Rxf8+ Kxf8 59. Kd6 Ke8 60. Ke6 Kf8 61. Kd7 Kg8 62. Ke7 Kh8 63. Ke8 Kg8 64. Ke7 Kh8 65. Kf7 1/2-1/2

[Event "January 2 Late 2024"]
[Site "https://www.chess.com"]
[Date "2024.01.02"]
[Round "8"]
[White "Tabuenca Mendataurigoitia, Daniel"]
[Black "Martinez Ramirez, Lennis"]
[Result "1-0"]
[Board "65"]
[TimeControl "180+1"]
[WhiteFideId "24563617"]
[BlackFideId "3509079"]
[WhiteElo "2529"]
[BlackElo "2693"]
[WhiteTeam "ESP"]
[BlackTeam "CUB"]
[WhiteClock "0:00:06"]
[BlackClock "0:00:59"]

1. Nf3 b6 2. g3 Bb7 3. Bg2 c5 4. c4 g6 5. O-O Bg7 6. d3 Nh6 7. e4 Ng4 8. Nc3 Nc6 9. h3 Nge5 10. Nxe5 Bxe5 11. f4 Bd4+ 12. Kh2 d6 13. Qe2 a6 14. Be3 Qd7 15. Nd5 Qd8 16. Rab1 e6 17. Nc3 Qc7 18. Bxd4 Nxd4 19. Qf2 h5 20. b4 h4 21. g4 g5 22. fxg5 d5+ 23. Kh1 dxc4 24. dxc4 Rg8 25. bxc5 bxc5 26. Qf6 Bc6 27. Nd5 Qa7 28. Qe5 Rc8 29. Nf6+ Kf8 30. Nxg8 Kxg8 31. g6 fxg6 32. Rf6 Qg7 33. Qg5 Be8 34. Rbf1 Rb8 35. Rf8+ Qxf8 36. Rxf8+ Kxf8 37. Qf4+ Ke7 38. Qxb8 Nc6 39. Qc7+ Kf6 40. e5+ Nxe5 41. Qxc5 g5 42. Qd4 Bd7 43. c5 a5 44. c6 Bc8 45. Qd8+ Kf7 46. Qxc8 Nxc6 47. Qxc6 a4 48. Be4 a3 49. Bg6+ Kf6 50. Bf5 Ke5 51. Qxe6+ Kf4 52. Qe4+ Kg3 53. Qe3# 1-0

[Event "January 2 Late 2024"]
[Site "https://www.chess.com"]
[Date "2024.01.02"]
[Round "8"]
[White "Banzea, Alexandru-Bogdan"]
[Black "Suvorov, Luca"]
[Result "1-0"]
[Board "66"]
[TimeControl "180+1"]
[WhiteFideId "1232622"]
[BlackFideId "12977071"]
[WhiteElo "2670"]
[BlackElo "2530"]
[WhiteTeam "ROU"]
[BlackTeam "GER"]
[WhiteClock "0:01:13"]
[BlackClock "0:00:25"]

1. d4 b6 2. Nc3 Bb7 3. e4 e6 4. Bd3 Bb4 5. Ne2 c5 6. d5 exd5 7. exd5 Bxd5 8. Nf4 Qe7+ 9. Kf1 Bxc3 10. Nxd5 Qd6 11. Nxc3 Ne7 12. Qf3 Nbc6 13. Bf4 Qf6 14. Ne4 Qxb2 15. Nd6+ Kf8 16. Bc1 Qf6 17. Qxf6 gxf6 18. Bh6+ Kg8 19. f4 Nd5 20. Re1 1-0

[Event "January 2 Late 2024"]
[Site "https://www.chess.com"]
[Date "2024.01.02"]
[Round "8"]
[White "Agibileg, Uurtsaikh"]
[Black "Ljukin, Sergei"]
[Result "0-1"]
[Board "67"]
[TimeControl "180+1"]
[WhiteFideId "4901606"]
[BlackFideId "14102200"]
[WhiteElo "2656"]
[BlackElo "2526"]
[WhiteTeam "MGL"]
[BlackTeam "UKR"]
[WhiteClock "0:01:40"]
[BlackClock "0:00:20"]

1. d4 d5 2. c4 c6 3. Nf3 Nf6 4. Nc3 dxc4 5. a4 Bf5 6. Ne5 Na6 7. e3 Nb4 8. Bxc4 e6 9. O-O Bd6 10. a5 Bxe5 11. dxe5 Qxd1 12. Rxd1 Nd7 13. e4 Nxe5 14. exf5 Nxc4 15. Ra4 c5 16. Nb5 O-O 17. fxe6 fxe6 18. Bg5 Nxb2 19. Raa1 Nxd1 20. Rxd1 Rf5 21. h4 c4 22. Nc7 Rc8 23. Nxe6 c3 24. Bc1 c2 25. Rd7 Rf7 26. Rd2 Na2 27. Bb2 c1=Q+ 28. Bxc1 Nxc1 29. Kh2 h6 30. h5 Nb3 31. Rd5 Rxf2 32. Rb5 Rf6 33. Nxg7 Kxg7 34. Rxb7+ Rf7 35. Rxb3 Rc5 36. a6 Rxh5+ 37. Kg3 Rg5+ 38. Kh3 Rg6 39. Ra3 Rf5 40. g4 Rfg5 41. Ra4 h5 42. Kh4 Rxg4+ 43. Kxh5 R6g5# 0-1

[Event "January 2 Late 2024"]
[Site "https://www.chess.com"]
[Date "2024.01.02"]
[Round "8"]
[White "Makaraci, Tunahan"]
[Black "Palomo, Franklin Annervys"]
[Result "1-0"]
[Board "68"]
[TimeControl "180+1"]
[WhiteFideId "6356559"]
[BlackFideId "3906965"]
[WhiteElo "2525"]
[BlackElo "2654"]
[WhiteTeam "TUR"]
[BlackTeam "VEN"]
[WhiteClock "0:01:34"]
[BlackClock "0:01:05"]

1. e4 c5 2. c3 d5 3. exd5 Qxd5 4. d4 Nc6 5. Nf3 cxd4 6. cxd4 e6 7. a3 Nf6 8. Nc3 Qd8 9. Be3 Be7 10. Bd3 O-O 11. O-O b6 12. Qe2 Bb7 13. Rad1 Nd5 14. Nxd5 Qxd5 15. Bc4 Qd8 16. d5 exd5 17. Bxd5 Qe8 18. Rfe1 Bf6 19. Qc2 Qc8 20. Bg5 Bxg5 21. Nxg5 g6 22. Qc4 Qf5 23. Nxf7 Rxf7 24. Bxf7+ Qxf7 25. Qxf7+ Kxf7 26. Rd7+ 1-0

[Event "January 2 Late 2024"]
[Site "https://www.chess.com"]
[Date "2024.01.02"]
[Round "8"]
[White "Mirzoev, Azer"]
[Black "Weisz, Bryan"]
[Result "0-1"]
[Board "69"]
[TimeControl "180+1"]
[WhiteFideId "13400304"]
[BlackFideId "30934133"]
[WhiteElo "2653"]
[BlackElo "2524"]
[WhiteTeam "AZE"]
[BlackTeam "USA"]
[WhiteClock "0:00:00"]
[BlackClock "0:00:04"]

1. c4 d5 2. cxd5 Nf6 3. e4 c6 4. dxc6 Nxc6 5. Nc3 e5 6. Nf3 Bc5 7. Bb5 O-O 8. Bxc6 bxc6 9. O-O Ba6 10. Nxe5 Bxf1 11. Qxf1 Qe8 12. Nd3 Bd4 13. Qe2 c5 14. e5 Nd7 15. Nb5 Bxe5 16. Nxe5 Qxe5 17. Qxe5 Nxe5 18. d4 cxd4 19. Nxd4 Nd3 20. b3 Nxc1 21. Rxc1 Rac8 22. Nc6 Rc7 23. Rc4 f6 24. Kf1 g6 25. Ke2 Kg7 26. Kd3 Rfc8 27. Nd4 Rxc4 28. bxc4 Kf7 29. Nb5 Ke6 30. Kd4 a6 31. Nc3 Rb8 32. Na4 Kd6 33. f4 Rb4 34. Nc5 Rb2 35. Ne4+ Ke6 36. Nc5+ Kf5 37. a4 a5 38. g3 Rxh2 39. Ne4 Ra2 40. Nc3 Ra3 41. c5 Ke6 42. Kc4 h5 43. c6 Ra1 44. Kc5 Rc1 45. Kd4 Kd6 46. Ne4+ Kxc6 47. Nxf6 Rb1 48. Ne4 Rb4+ 49. Ke5 Rxa4 50. Ng5 Rb4 51. Ne6 a4 52. Kf6 a3 53. Kxg6 a2 0-1

[Event "January 2 Late 2024"]
[Site "https://www.chess.com"]
[Date "2024.01.02"]
[Round "8"]
[White "Niedbala, Bartlomiej"]
[Black "Tao, Sihan"]
[Result "1-0"]
[Board "70"]
[TimeControl "180+1"]
[WhiteFideId "21834008"]
[BlackFideId "30982677"]
[WhiteElo "2649"]
[BlackElo "2522"]
[WhiteTeam "POL"]
[BlackTeam "USA"]
[WhiteClock "0:01:38"]
[BlackClock "0:01:57"]

1. d4 Nf6 2. c4 e6 3. Nf3 d5 4. g3 Be7 5. Bg2 O-O 6. O-O dxc4 7. Qc2 a6 8. Qxc4 b5 9. Qc2 Bb7 10. Bd2 Be4 11. Qc1 c6 12. Nc3 Bg6 13. Rd1 Qb6 14. a4 Nbd7 15. Nh4 Rac8 16. Nxg6 hxg6 17. Be1 c5 18. d5 exd5 19. Nxd5 Nxd5 20. Bxd5 Nf6 21. Bf3 Rfd8 22. Rxd8+ Rxd8 23. axb5 axb5 24. Ba5 Qd6 25. Bxd8 Bxd8 26. Qd1 Qxd1+ 27. Rxd1 Be7 28. Bc6 b4 29. b3 Kf8 30. e4 Ne8 31. e5 Nc7 32. f4 Ne6 33. Ra1 Nd4 34. Bd5 Ne2+ 35. Kf2 Nc3 36. Ra8+ Bd8 37. Rxd8+ Ke7 38. Rd6 1-0

[Event "January 2 Late 2024"]
[Site "https://www.chess.com"]
[Date "2024.01.02"]
[Round "8"]
[White "Spata, German"]
[Black "Dinu, Dumitru-Daniel"]
[Result "1-0"]
[Board "71"]
[TimeControl "180+1"]
[WhiteFideId "113026"]
[BlackFideId "1208403"]
[WhiteElo "2647"]
[BlackElo "2522"]
[WhiteTeam "ARG"]
[BlackTeam "ROU"]
[WhiteClock "0:00:16"]
[BlackClock "0:00:11"]

1. d4 Nf6 2. Bf4 e6 3. e3 d5 4. Nf3 c5 5. c3 Nc6 6. Nbd2 cxd4 7. exd4 Nh5 8. Bg3 Nxg3 9. hxg3 Bd6 10. Bd3 h6 11. Qe2 a6 12. a4 Qc7 13. Nb3 Na5 14. Nxa5 Qxa5 15. O-O O-O 16. Ne5 Qc7 17. f4 Bd7 18. Bc2 Bxe5 19. fxe5 f5 20. exf6 Qxg3 21. Rf3 Qg4 22. Qd3 Qe4 23. Qd2 Qg4 24. Raf1 Rf7 25. Qd3 Qe4 26. Qxe4 dxe4 27. Bxe4 Bxa4 28. Rg3 Raf8 29. Rxg7+ Rxg7 30. fxg7 Rxf1+ 31. Kxf1 b6 32. Kf2 Kxg7 33. Kf3 Kf6 34. Kf4 Bd7 35. g3 a5 36. Bd3 b5 37. Bc2 b4 38. cxb4 axb4 39. Ke3 Bc6 40. Be4 Bb5 41. Bd3 Bc6 42. Bc4 Kf5 43. Bb3 Bd5 44. Bc2+ Kg4 45. Kf2 h5 46. Bd1+ Kg5 47. Ke3 h4 48. gxh4+ Kxh4 49. Kf4 Bc4 50. Ke5 Kg3 51. Bh5 Kf2 52. Bg4 Ke3 53. Bh3 Bd5 54. Bg4 Bc4 55. Bh3 Bd5 56. Bf1 Kf2 57. Bb5 Ke3 58. Ba6 Bb3 59. Bc8 Bd5 60. Bd7 Bb3 61. Bc6 Bc4 62. Bd7 Kd2 63. Bxe6 Bxe6 64. Kxe6 Kc2 65. d5 Kxb2 66. d6 Ka2 67. d7 b3 68. d8=Q b2 69. Qa5+ Kb1 70. Kd5 Kc2 71. Qc5+ Kd2 72. Qd4+ Kc1 73. Qc3+ Kb1 74. Kc4 Ka2 75. Qa5+ Kb1 76. Kb3 Kc1 77. Qe1# 1-0

[Event "January 2 Late 2024"]
[Site "https://www.chess.com"]
[Date "2024.01.02"]
[Round "8"]
[White "Ozates, Tuna"]
[Black "N_Mullodzhanov"]
[Result "1/2-1/2"]
[Board "72"]
[TimeControl "180+1"]
[WhiteFideId "6354521"]
[WhiteElo "2638"]
[BlackElo "2518"]
[WhiteTeam "TUR"]
[WhiteClock "0:00:03"]
[BlackClock "0:00:02"]

1. e4 c6 2. Nf3 d5 3. d3 dxe4 4. dxe4 Qxd1+ 5. Kxd1 Nf6 6. Nfd2 Ng4 7. Ke1 h5 8. Nc4 b5 9. Ne3 Ne5 10. a4 Bd7 11. axb5 cxb5 12. Nd5 Kd8 13. Nb6 axb6 14. Rxa8 Kc7 15. Bf4 f6 16. Nc3 Bc6 17. Nxb5+ Kb7 18. Ra7+ Kc8 19. f3 Ned7 20. Nd4 Bb7 21. Ne6 Nc6 22. Ra3 g5 23. Be3 Bh6 24. Ba6 Bxa6 25. Rxa6 Kb7 26. Ra3 Nb4 27. Kd2 Ne5 28. b3 Rc8 29. c4 Rxc4 30. bxc4 Nxc4+ 31. Kc3 Nxa3 32. Kxb4 Nc2+ 33. Kb5 Nxe3 34. Rc1 g4 35. Rc7+ Kb8 36. Kxb6 Nxg2 37. Rd7 Be3+ 38. Kc6 Bf4 39. fxg4 hxg4 40. Rxe7 Bxh2 41. Nf8 Ne3 42. Nd7+ Ka7 43. Nc5+ Ka8 44. Nd7 Ka7 45. Nxf6+ Ka6 46. Nd5 Nc4 47. Kc5 Bd6+ 48. Kxc4 Bxe7 49. Nxe7 g3 50. e5 g2 51. Kd5 g1=Q 52. e6 Qg5+ 53. Kd6 Kb7 54. Nd5 Qd8+ 55. Ke5 Qh8+ 56. Kd6 Qh6 57. Kd7 Qd2 58. Kd6 Qh6 59. Kd7 Qh3 60. Kd6 Qg3+ 61. Kd7 Qg4 62. Nf6 Qd4+ 63. Ke7 Qc5+ 64. Kf7 Qc4 65. Ne8 Qf4+ 66. Ke7 Qe5 67. Nd6+ Kc6 68. Nf7 Qf5 69. Nd8+ Kc7 70. Nf7 Qf4 71. Kf8 Qf6 72. e7 Qh4 73. e8=Q Qb4+ 74. Kg8 Qg4+ 75. Kh7 Qh5+ 76. Kg7 Qg4+ 77. Kf6 Qf4+ 78. Kg6 Qc4 79. Qe7+ Kb6 80. Qd6+ Qc6 81. Kf5 Qxd6 82. Nxd6 1/2-1/2

[Event "January 2 Late 2024"]
[Site "https://www.chess.com"]
[Date "2024.01.02"]
[Round "8"]
[White "Janaszak, Dawid"]
[Black "Baches Garcia, Guillermo"]
[Result "1-0"]
[Board "73"]
[TimeControl "180+1"]
[WhiteFideId "1119206"]
[BlackFideId "2209764"]
[WhiteElo "2626"]
[BlackElo "2514"]
[WhiteTeam "POL"]
[BlackTeam "ESP"]
[WhiteClock "0:01:03"]
[BlackClock "0:00:00"]

1. e4 d5 2. exd5 Qxd5 3. Nf3 Bg4 4. Be2 Nc6 5. O-O O-O-O 6. Nc3 Qd7 7. b4 Bxf3 8. Bxf3 Nd4 9. a4 e5 10. Nb5 Nxf3+ 11. Qxf3 a6 12. Bb2 f6 13. d4 Qd5 14. Qh3+ Qd7 15. Qd3 Bxb4 16. Qb3 Ba5 17. dxe5 fxe5 18. Bxe5 Nf6 19. Na7+ Kb8 20. Rfb1 Qd5 21. c4 Qe4 22. f3 Rd3 23. fxe4 Rxb3 24. Nc6+ Kc8 25. Rxb3 bxc6 26. Rab1 Re8 27. Rb8+ 1-0

[Event "January 2 Late 2024"]
[Site "https://www.chess.com"]
[Date "2024.01.02"]
[Round "8"]
[White "Veljanoski, Andrej"]
[Black "Play, Gilles"]
[Result "0-1"]
[Board "74"]
[TimeControl "180+1"]
[WhiteFideId "15003604"]
[BlackFideId "45130892"]
[WhiteElo "2624"]
[BlackElo "2513"]
[WhiteTeam "MKD"]
[BlackTeam "FRA"]
[WhiteClock "0:01:17"]
[BlackClock "0:01:26"]

1. Nf3 c5 2. c4 Nc6 3. g3 e5 4. d3 g6 5. Bg2 Bg7 6. Nc3 f5 7. O-O Nf6 8. e4 d6 9. a3 O-O 10. exf5 Bxf5 11. Bg5 Qd7 12. Qd2 Bh3 13. Bxf6 Rxf6 14. Ne4 Rff8 15. Nfg5 Bxg2 16. Kxg2 Nd4 17. h4 h6 18. Nh3 Nb3 19. Qe3 Nxa1 20. Rxa1 Rf7 21. b4 b6 22. b5 Raf8 23. Nc3 e4 24. dxe4 Rf3 0-1

[Event "January 2 Late 2024"]
[Site "https://www.chess.com"]
[Date "2024.01.02"]
[Round "8"]
[White "Brown_Mamba24"]
[Black "Horak, Martin"]
[Result "1-0"]
[Board "75"]
[TimeControl "180+1"]
[BlackFideId "367095"]
[WhiteElo "2622"]
[BlackElo "2513"]
[BlackTeam "CZE"]
[WhiteClock "0:00:03"]
[BlackClock "0:00:00"]

1. d4 d5 2. Nf3 Nf6 3. c4 e6 4. g3 Bb4+ 5. Bd2 Be7 6. Qc2 O-O 7. Bg2 Nbd7 8. O-O c6 9. a4 a5 10. Rc1 b6 11. cxd5 cxd5 12. Na3 Ba6 13. Nb5 Rc8 14. Qd1 Bxb5 15. axb5 Ne4 16. Be1 Bd6 17. e3 Ndf6 18. Ne5 Bxe5 19. dxe5 Nd7 20. Rxc8 Qxc8 21. b4 axb4 22. Bxb4 Nec5 23. Bc3 Qb7 24. Bd4 Ra8 25. h4 Ra7 26. h5 h6 27. Qg4 Rxa1+ 28. Bxa1 Qa7 29. Bd4 Qa5 30. Bf1 Qd2 31. Qe2 Qc1 32. Qb2 Qe1 33. Kg2 Ne4 34. Bd3 Ndc5 35. Bxc5 Nxc5 36. Be2 Ne4 37. Bd3 Nc5 38. Be2 Kf8 39. Qc2 Ke7 40. Bf3 Qa1 41. Qh7 Qxe5 42. Qh8 Nd3 43. Qc8 Ne1+ 44. Kf1 Nxf3 45. Qb7+ Kf6 46. Qxb6 Qf5 47. Kg2 Nd2 48. Qd8+ Ke5 49. b6 Ne4 50. f4+ 1-0

[Event "January 2 Late 2024"]
[Site "https://www.chess.com"]
[Date "2024.01.02"]
[Round "8"]
[White "osh1ro"]
[Black "Osmak, Yuliia"]
[Result "0-1"]
[Board "76"]
[TimeControl "180+1"]
[BlackFideId "14101602"]
[WhiteElo "2619"]
[BlackElo "2513"]
[BlackTeam "UKR"]
[WhiteClock "0:00:00"]
[BlackClock "0:00:11"]

1. d4 d6 2. Nf3 Bg4 3. c4 c6 4. Nc3 Bxf3 5. exf3 e6 6. Be2 d5 7. cxd5 cxd5 8. O-O Nf6 9. f4 g6 10. Be3 Bd6 11. Qb3 Qb6 12. Nb5 O-O 13. Nxd6 Qxd6 14. Qxb7 Nc6 15. Rac1 Ne7 16. Qc7 Nf5 17. Qxd6 Nxd6 18. Rc6 Nf5 19. Rfc1 Rfb8 20. b3 a5 21. Bd1 Kg7 22. g4 Ne7 23. Rc7 Nc8 24. h3 Nd6 25. R7c6 Nfe8 26. Kf1 a4 27. bxa4 Nc4 28. Bb3 Ned6 29. f5 gxf5 30. Bf4 Rd8 31. Bxc4 Nxc4 32. gxf5 Rxa4 33. fxe6 fxe6 34. Rxe6 Rxa2 35. Rc3 Kf7 36. Rh6 Ra1+ 37. Kg2 Rg8+ 38. Bg3 Rg7 39. Rh5 Ke6 40. Rf3 Rd1 41. Rh6+ Kd7 42. Rf4 Nd2 43. Rg4 Rf7 44. Rg5 Nf3 45. Rxd5+ Ke8 46. Re6+ Kf8 47. Bd6+ Kg8 0-1

[Event "January 2 Late 2024"]
[Site "https://www.chess.com"]
[Date "2024.01.02"]
[Round "8"]
[White "Coca Cubillos, Jesus Alberto"]
[Black "Delorme, Axel"]
[Result "1-0"]
[Board "77"]
[TimeControl "180+1"]
[WhiteFideId "4462912"]
[BlackFideId "632023"]
[WhiteElo "2612"]
[BlackElo "2496"]
[WhiteTeam "COL"]
[BlackTeam "FRA"]
[WhiteClock "0:02:02"]
[BlackClock "0:00:04"]

1. f4 d5 2. Nf3 Bg4 3. e3 Nd7 4. d4 c6 5. c3 f5 6. Be2 Ngf6 7. O-O e6 8. Nbd2 Be7 9. Ng5 Nf8 10. Bxg4 Nxg4 11. Qe2 h6 12. Ngf3 g5 13. Ne5 Nxe5 14. fxe5 h5 15. c4 g4 16. cxd5 cxd5 17. Nb3 Kf7 18. e4 dxe4 19. Qxe4 Qd7 20. d5 Kg6 21. dxe6 Qxe6 22. Qxb7 Nd7 23. Bf4 Nc5 24. Nxc5 Bxc5+ 25. Kh1 Rab8 26. Qc7 Rhc8 27. Qa5 Bb6 28. Qd2 Rd8 29. Qe2 Bd4 30. Rab1 Rd5 31. Rfe1 Rdb5 32. b3 Bxe5 33. Bxe5 Rd5 34. Bxb8 1-0

[Event "January 2 Late 2024"]
[Site "https://www.chess.com"]
[Date "2024.01.02"]
[Round "8"]
[White "Sztokbant, Bernardo Vainzoff"]
[Black "Titus, Andrew"]
[Result "1-0"]
[Board "78"]
[TimeControl "180+1"]
[WhiteFideId "2115956"]
[BlackFideId "2059770"]
[WhiteElo "2483"]
[BlackElo "2611"]
[WhiteTeam "BRA"]
[BlackTeam "USA"]
[WhiteClock "0:00:06"]
[BlackClock "0:00:03"]

1. d4 d5 2. c4 e6 3. Nc3 Nf6 4. Nf3 Be7 5. Bf4 O-O 6. e3 Nbd7 7. cxd5 Nxd5 8. Nxd5 exd5 9. Bd3 c5 10. O-O cxd4 11. Nxd4 Nc5 12. Bc2 Bf6 13. Rc1 Ne6 14. Qd3 g6 15. Bh6 Re8 16. Nxe6 Bxe6 17. Bb3 Bxb2 18. Rcd1 Be5 19. f4 Bf6 20. f5 Bxf5 21. Rxf5 gxf5 22. Qxf5 Re5 23. Qg4+ Kh8 24. Bf4 Re8 25. Rxd5 Qc8 26. Qh5 Qc1+ 27. Rd1 Qb2 28. Bxf7 Re7 29. Rf1 Rf8 30. Bb3 Rg7 31. Bg3 Be7 32. Rxf8+ Bxf8 33. Qd5 Qa1+ 34. Kf2 Qf6+ 35. Ke2 Qa6+ 36. Bc4 Qg6 37. Be5 Qh5+ 38. Kd2 Qxe5 39. Qxe5 h6 40. Qd5 b6 41. e4 Bc5 42. e5 Kh7 43. e6 Be7 44. Bd3+ Kh8 45. Qf5 Bg5+ 46. Ke2 Kg8 47. g3 Be7 48. Kf3 Bf8 49. Ke4 Rg5 50. Qf7+ Kh8 51. Qxf8+ Kh7 52. e7 h5 53. Kf4+ Rg6 54. Qf7+ Kh8 55. e8=Q+ Rg8 56. Qexg8# 1-0

[Event "January 2 Late 2024"]
[Site "https://www.chess.com"]
[Date "2024.01.02"]
[Round "8"]
[White "Xie, Bryan"]
[Black "Ambartsumova, Karina"]
[Result "0-1"]
[Board "79"]
[TimeControl "180+1"]
[WhiteFideId "30941296"]
[BlackFideId "4166299"]
[WhiteElo "2447"]
[BlackElo "2611"]
[WhiteTeam "USA"]
[BlackTeam "RUS"]
[WhiteClock "0:00:00"]
[BlackClock "0:00:20"]

1. e4 e5 2. Nf3 Nc6 3. Bc4 Nf6 4. d3 h6 5. c3 d6 6. a4 g5 7. O-O Bg7 8. Re1 g4 9. Nfd2 d5 10. exd5 Nxd5 11. d4 O-O 12. dxe5 Nxe5 13. Bxd5 Qxd5 14. Ne4 Qxd1 15. Rxd1 Bf5 16. Ng3 Bc2 17. Rd2 Bg6 18. Na3 h5 19. Rd1 h4 20. Ne2 h3 21. Nf4 Be4 22. f3 gxf3 23. gxh3 Bh6 24. Kf2 Kh7 25. Be3 Rae8 26. Nh5 Re6 27. Bxh6 Kxh6 28. Ng3 f5 29. Nxe4 fxe4 30. Ke3 f2 31. Nc2 Nc4+ 32. Ke2 Nxb2 33. Rf1 Nd3 34. Nd4 Rg6 35. Rab1 b6 36. a5 c5 37. Nc2 Rfg8 38. axb6 axb6 39. Ne3 Rg1 40. Rxb6+ Kh5 41. Rc6 Rxf1 42. Kxf1 Rg1+ 43. Ke2 Re1+ 44. Kd2 Rxe3 45. Rf6 Rf3 46. Rxf3 exf3 0-1